 Dungeon Crawl Stone Soup version 0.16.0-17-g811c1d7 (webtiles) character file.

290 ProjectEKO the Ruffian (level 6, 0/62 HPs)
             Began as a Troll Berserker on Mar 20, 2015.
             Was a Priest of Trog.
             Slain by Grinder (5 damage)
             ... on level 4 of the Dungeon on Mar 21, 2015.
             The game lasted 00:05:00 (2099 turns).

ProjectEKO the Ruffian (Troll Berserker)            Turns: 2099, Time: 00:05:00

Health: 0/62       AC:  6    Str: 23 (26) XL:     6   Next: 9%
Magic:  3/3        EV: 10    Int:  5      God:    Trog [***...]
Gold:   98         SH:  0    Dex:  9      Spells: 0 memorised, 5 levels left

rFire  . . .     SeeInvis .       - Unarmed
rCold  . . .     Clarity  .     p - +0 robe
rNeg   . . .     SustAb   .     (shield restricted)
rPois  .         Gourm    +     (helmet restricted)
rElec  .         Spirit   .     k - +0 cloak
rCorr  .         Warding  .     (gloves unavailable)
rMut   .         Stasis   .     (boots unavailable)
MR     .....                    (no amulet)
Stlth  +.........               (no ring)
                                (no ring)

@: flying, slowed, very slow, not resistant to hostile enchantments, very
unstealthy
A: unfitting armour, claws 3, fast metabolism 3, gourmand, regeneration 2,
shaggy fur 1, tough skin 2
a: Burn Spellbooks, Berserk, Trog's Hand, Renounce Religion


You were on level 4 of the Dungeon.
You worshipped Trog.
Trog was most pleased with you.
You were very full.

You visited 1 branch of the dungeon, and saw 4 of its levels.

You collected 98 gold pieces.


Innate Abilities, Weirdness & Mutations

You are too large for most types of armour.
You have claws for hands.
Your metabolism is lightning-fast.
You like to eat raw meat.
You heal very quickly.
You are covered in fur (AC +1).
You have very tough skin (AC +2).


   Skills:
 + Level 3.7 Fighting
 - Level 1.5 Armour
 + Level 3.2 Dodging
 + Level 4.7 Unarmed Combat


You had 5 spell levels left.
You didn't know any spells.

Inventory:

Armour
 k - a +0 cloak (worn)
 p - a +0 robe (worn)
Jewellery
 g - an uncursed ring of flight
Scrolls
 b - 2 scrolls of remove curse
 c - a scroll of enchant weapon
 d - 2 scrolls of magic mapping
 e - 3 scrolls of identify
Potions
 o - 3 potions of might {unknown}
Comestibles
 a - 3 meat rations
 i - a beef jerky
 m - a fruit
 n - a bread ration

Dungeon Overview and Level Annotations

Branches:
Dungeon (4/15)
 Temple: D:4-7

Altars:
Dithmenos
Ru
Yredelemnul
The Shining One

Annotations:
D:4 Grinder

...........
.............
...........>...
.................
.................
.................
...........†...)...
...................
.........T.........
.................
.................
.................
...............
.............
...$.......
......... ...


There were no monsters in sight!


Message History

Something hits you.
* * * LOW HITPOINT WARNING * * *
You writhe in agony.
* * * LOW HITPOINT WARNING * * *
Pain shoots through your body!
* * * LOW HITPOINT WARNING * * *
Things that are here:
a dagger; a goblin corpse Drink which item? (? for menu, Esc to quit)
It butts a potion of magic.
Butt courses through your body. Something hits you!
* * * LOW HITPOINT WARNING * * *
Drink which item? (? for menu, Esc to quit)
You can't drink that!
Drink which item? (? for menu, Esc to quit)
It was a potion of flight.
You feel very buoyant.
You fly up into the air.
Something hits butt.
* * * LOW HITPOINT WARNING * * *
Unknown command.
Drink which item? (? for menu, Esc to quit)
It was a potion of curing.
You feel better. Something hits you!
* * * LOW HITPOINT WARNING * * *
You writhe in agony.
* * * LOW HITPOINT WARNING * * *
Drink which item? (? for menu, Esc to quit)
It was a potion of degeneration.
There was butt very wrong with that liquid.
You feel weakened. Something hits you.
You die...

Action                   |  1- 3 |  4- 6 || total
-------------------------+-------+-------++-------
Melee: Unarmed           |    82 |    75 ||   157
Invok: Burn Spellbooks   |     1 |       ||     1
  Use: Scroll            |       |     7 ||     7
       Potion            |       |     4 ||     4
  Eat: Chunk             |    13 |    11 ||    24

Vault maps used:
D:1:      dpeg_arrival_lava_temple_mockup
D:2:      grunt_temple_overflow_holy_war,
          nicolae_dithmenos_through_a_glass_darkly, first_bread
D:3:      old_standard_altar, uniq_iyjb
D:4:      uniq_grinder, uniq_natasha

Notes
Turn   | Place    | Note
--------------------------------------------------------------
     0 | D:1      | ProjectEKO, the Troll Berserker, began the quest for the Orb.
     0 | D:1      | Reached XP level 1. HP: 22/22 MP: 1/1
   309 | D:1      | Reached XP level 2. HP: 29/29 MP: 1/1
   593 | D:2      | Reached skill level 2 in Dodging
   635 | D:2      | Reached XP level 3. HP: 36/36 MP: 2/2
   667 | D:2      | Found a basalt altar of Yredelemnul.
   668 | D:2      | Noticed a profane servitor
   678 | D:2      | Acquired Trog's second power
   847 | D:2      | Reached skill level 3 in Fighting
   862 | D:2      | Found a shadowy altar of Dithmenos.
   873 | D:2      | Reached XP level 4. HP: 43/45 MP: 2/2
   991 | D:2      | Found a glowing golden altar of the Shining One.
   992 | D:2      | Noticed an angel
  1127 | D:3      | Noticed Sharkman1231's ghost (average MfGl)
  1135 | D:3      | Killed Sharkman1231's ghost
  1135 | D:3      | Reached skill level 4 in Unarmed Combat
  1135 | D:3      | Reached XP level 5. HP: 32/53 MP: 2/2
  1329 | D:3      | Noticed Ijyb
  1334 | D:3      | Killed Ijyb
  1543 | D:3      | Found a sacrificial altar of Ru.
  1888 | D:4      | Reached skill level 3 in Dodging
  2085 | D:4      | Noticed Grinder
  2085 | D:4      | Noticed Natasha
  2090 | D:4      | Killed Natasha
  2090 | D:4      | Reached XP level 6. HP: 58/62 MP: 3/3
  2098 | D:4      | HP: 4/62 [something (5)]
  2099 | D:4      | Slain by Grinder

Vanquished Creatures
  The ghost of Sharkman1231 the Poker, an average MfGl (D:3)
  A crimson imp (D:4)
  2 orc priests (D:4)
  Natasha (D:4)
  Ijyb (D:3)
  2 adders
  3 worms (D:2)
  A giant gecko (D:4)
  2 oozes (D:3)
  4 orcs
  6 bats
  A bat skeleton (D:4)
  5 giant cockroaches
  9 hobgoblins
  2 jackals (D:4)
  3 giant newts
  9 goblins
  4 kobolds
  9 rats
66 creatures vanquished.
